 Dungeon Crawl Stone Soup version 0.28-a0-983-g1de4e0787c (webtiles) character file.

Game seed: 16257407410062635650

1942695 EnegeticOcto the Wrestler (level 24, 258/258 HPs)
             Began as a Troll Transmuter on Dec 3, 2021.
             Was a High Priest of Jiyva.
             Escaped with the Orb
             ... and 3 runes!
             The game lasted 02:01:43 (48418 turns).

EnegeticOcto the Wrestler (Troll Transmuter)       Turns: 48418, Time: 02:01:44

Health: 258/258    AC: 12    Str: 27    XL:     24   Next: 10%
Magic:  45/45      EV: 11    Int: 30    God:    Jiyva [*****.]
Gold:   1932       SH: 28    Dex: 10    Spells: 23/41 levels left

rFire   + + .      SeeInvis .     - Unarmed
rCold   + + +      Faith    .   f - +6 tower shield
rNeg    . . .      Spirit   .   H - +0 troll leather armour
rPois   +          Reflect  +   a - +3 hat of Pondering {ponderous, Will+ MP+10 Int+5}
rElec   +          Harm     .   x - +2 cloak
rCorr   +          Rampage  .   (gloves unavailable)
Will    +++++      Rage     1%  (boots unavailable)
Stlth   ++........              P - amulet "Juovvel" {Reflect rF+ SH+5}
HPRegen 4.37/turn               O - ring of Ocsud {rElec rC+ Int+2}
MPRegen 0.74/turn               Z - ring "Fobag" {rPois rF+ Int+6 Stlth+}

@: studying Polearms, slow
A: large, unfitting armour, claws 3, regeneration 2, shaggy fur 1, tough skin 1,
beak, horns 2, berserk 1, clever 1, cold resistance 2, strong-willed 3, wild
magic 1, acidic bite, translucent skin 3, MP-powered wands
0: Orb of Zot
}: 3/15 runes: barnacled, slimy, gossamer
a: Renounce Religion, Oozemancy, Slimify


You escaped.
You worshipped Jiyva.
Jiyva was extremely pleased with you.
You visited 10 branches of the dungeon, and saw 52 of its levels.
You visited the Abyss 1 time.
You also visited: Sewer and Gauntlet.

You collected 4463 gold pieces.
You spent 2531 gold pieces at shops.

Inventory:

Hand Weapons
 s - a +4 demon blade of distortion
   (You took it off a hell knight on level 1 of the Depths)
Missiles
 c - 7 throwing nets (quivered) {!f}
 h - 3 curare-tipped darts
Armour
 a - the +3 hat of Pondering (worn) {ponderous, Will+ MP+10 Int+5}
   (You took it off Gastronok on level 2 of the Lair of Beasts)

   Int:       It affects your intelligence (+5).
   MP:        It affects your magic capacity (+10).
   Will:      It increases your willpower.
 f - a +6 tower shield (worn)
   (You took it off Louise on level 3 of the Depths)
 x - a +2 cloak (worn)
   (You found it on level 6 of the Dungeon)
 H - a +0 troll leather armour (worn)
   (You found it on level 11 of the Dungeon)
Jewellery
 p - an amulet of regeneration
   (You found it on level 4 of the Dungeon)
 J - the ring of Uteod {Drain rN++ Str+5 Int+6}
   (You found it in a Gauntlet)

   [ring of intelligence]

   Str:       It affects your strength (+5).
   Int:       It affects your intelligence (+6).
   rN:        It greatly protects you from negative energy.
   Drain:     It drains your maximum health when unequipped.
 O - the ring of Ocsud (left claw) {rElec rC+ Int+2}
   (You found it in a Gauntlet)

   [ring of protection from cold]

   Int:       It affects your intelligence (+2).
   rC:        It protects you from cold.
   rElec:     It insulates you from electricity.
 P - the amulet "Juovvel" (around neck) {Reflect rF+ SH+5}
   (You found it on level 2 of the Realm of Zot)

   [amulet of reflection]

   It reflects blocked missile attacks.
   rF:        It protects you from fire.
   SH:        It affects your SH (+5).
 S - a ring of fire
   (You found it on level 13 of the Dungeon)
 Z - the ring "Fobag" (right claw) {rPois rF+ Int+6 Stlth+}
   (You found it on level 5 of the Pits of Slime)

   [ring of intelligence]

   Int:       It affects your intelligence (+6).
   rF:        It protects you from fire.
   rPois:     It protects you from poison.
   Stlth:     It makes you more stealthy.
Wands
 n - a wand of charming (15)
   (You found it on level 3 of the Dungeon)
 C - a wand of iceblast (21) {@v2}
   (You took it off a deep elf zephyrmancer on level 1 of the Elven Halls)
 F - a wand of digging (23) {@v3}
   (You found it on level 10 of the Dungeon)
 I - a wand of mindburst (14)
   (You found it in a Gauntlet)
 N - a wand of paralysis (25)
   (You found it in a Gauntlet)
 W - a wand of polymorph (5)
   (You found it on level 2 of the Vaults)
 X - a wand of acid (17) {@v1}
   (You found it on level 5 of the Lair of Beasts)
Scrolls
 d - 3 scrolls of holy word
 e - 2 scrolls of vulnerability
 i - 14 scrolls of fog {!r}
 j - a scroll of blinking {@r4}
 k - a scroll of summoning
 r - 16 scrolls of teleportation {@r3 !r}
 t - 11 scrolls of fear {!r}
 y - a scroll of silence
 Y - 7 scrolls of immolation
Potions
 g - 4 potions of flight
 l - 4 potions of cancellation
 m - 3 potions of brilliance
 o - 5 potions of haste {@q4 !q}
 q - a potion of berserk rage
 u - 2 potions of resistance
 v - 2 potions of ambrosia
 w - 3 potions of lignification {@q6}
 z - 3 potions of might {@q3 !q}
 A - a potion of attraction
 B - 5 potions of heal wounds {@q2 !q}
 D - 4 potions of mutation
 E - 10 potions of curing {@q1 !q}
 K - a potion of magic
 V - 2 potions of invisibility
Miscellaneous
 b - a lightning rod (4/4)
   (You found it on level 2 of the Spider Nest)
 G - a tin of tremorstones (2/2)
   (You found it on level 11 of the Dungeon)
 L - a phantom mirror
   (You found it in a Gauntlet)
 M - a phial of floods
   (You found it in a Gauntlet)
 Q - a box of beasts (inert)
   (You found it in a Gauntlet)
 T - a condenser vane
   (You found it on level 3 of the Elven Halls)


   Skills:
 + Level 18.4 Fighting
 - Level 3.2 Armour
 - Level 7.0 Dodging
 - Level 5.0 Stealth
 - Level 15.0 Shields
 - Level 21.6 Unarmed Combat
 - Level 9.0 Spellcasting
 - Level 8.0 Conjurations
 - Level 5.0 Translocations
 - Level 11.0 Transmutations
 - Level 13.0 Earth Magic
 - Level 9.0 Evocations


You had 23 spell levels left.
You knew the following spells:

 Your Spells              Type           Power      Damage    Failure   Level
a - Beastly Appendage     Tmut           100%       N/A       1%          1
b - Irradiate             Conj/Tmut      37%        3d26      4%          5
c - Statue Form           Tmut/Erth      56%        N/A       8%          6
d - Wereblood             Tmut           80%        N/A       1%          2
p - Passwall              Tmut/Erth      70%        N/A       1%          2
Y - Blink                 Tloc           100%       N/A       1%          2

Your spell library contained the following spells:

 Spells                   Type           Power      Damage    Failure   Level
 Foxfire                  Conj/Fire      100%       2x1d9     1%          1
 Sting                    Tmut/Pois      100%       1d8       1%          1
 Petrify                  Tmut/Erth      84%        N/A       1%          4
 Lee's Rapid Deconstruct  Erth           43%        3d22*     1%          5
 Static Discharge         Conj/Air       48%        N/A       2%          2
 Spider Form              Tmut/Pois      57%        N/A       2%          3
 Conjure Flame            Conj/Fire      48%        6-21      4%          3
 Dazzling Flash           Conj/Hex       96%        N/A       4%          3
 Ignite Poison            Fire/Tmut/Pois 46%        N/A       5%          3
 Animate Armour           Summ/Erth      100%       N/A       5%          4
 Iskenderun's Mystic Bla  Conj/Tloc      62%        2d13      5%          4
 Leda's Liquefaction      Hex/Erth       31%        N/A       5%          4
 Mephitic Cloud           Conj/Pois/Air  38%        N/A       7%          3
 Ice Form                 Ice/Tmut       57%        N/A       7%          4
 Passage of Golubria      Tloc           54%        N/A       9%          4
 Ensorcelled Hibernation  Hex/Ice        34%        N/A       10%         2
 Poisonous Vapours        Pois/Air       34%        N/A       10%         2
 Scorch                   Fire           34%        2d6       10%         2
 Sublimation of Blood     Necr           17%        N/A       10%         2
 Flame Wave               Conj/Fire      48%        2d8       13%         4
 Yara's Violent Unravell  Hex/Tmut       28%        3d12      17%         5
 Frozen Ramparts          Ice            34%        1d5       19%         3
 Inner Flame              Hex/Fire       17%        N/A       19%         3
 Tukima's Dance           Hex            17%        N/A       19%         3
 Manifold Assault         Tloc           54%        N/A       22%         5
 Lightning Bolt           Conj/Air       24%        1d39      30%         5
 Cause Fear               Hex            8%         N/A       47%         4
 Olgreb's Toxic Radiance  Pois           17%        N/A       47%         4
 Summon Ice Beast         Ice/Summ       17%        N/A       47%         4
 Summon Lightning Spire   Summ/Air       17%        N/A       47%         4
 Freezing Cloud           Conj/Ice/Air   19%        6-21      47%         5
 Eringya's Noxious Bog    Tmut/Pois      28%        N/A       65%         6
 Metabolic Englaciation   Hex/Ice        8%         N/A       82%         5
 Conjure Ball Lightning   Conj/Air       24%        3x3d7     83%         6
 Starburst                Conj/Fire      24%        6d8       83%         6
 Storm Form               Tmut/Air       28%        N/A       99%         7
 Simulacrum               Ice/Necr       8%         N/A       100%        6
 Summon Cactus Giant      Summ           8%         N/A       100%        6
 Malign Gateway           Summ/Tloc      18%        N/A       100%        7
 Borgnjor's Revivificati  Necr           8%         N/A       100%        8
 Discord                  Hex            8%         N/A       100%        8
 Maxwell's Capacitive Co  Air            8%         ∞         100%        8
 Necromutation            Tmut/Necr      28%        N/A       100%        8
 Summon Horrible Things   Summ           8%         N/A       100%        8
 Death's Door             Necr           8%         N/A       100%        9
 Polar Vortex             Ice            8%         N/A       100%        9


Dungeon Overview and Level Annotations

Branches:
Dungeon (15/15)            Temple (0/1) D:6            Lair (6/6) D:9
 Shoals (4/4) Lair:2       Spider (4/4) Lair:4        Slime (5/5) Lair:5
    Orc (2/2) D:11            Elf (3/3) Orc:2        Vaults (4/5) D:14
  Crypt (0/3) Vaults:2     Depths (4/4) D:15            Zot (5/5) Depths:4
  Sewer (visited)         Gauntlet (visited)

Altars:
Cheibriados
Dithmenos
Elyvilon
Gozag
Hepliaklqana
Kikubaaqudgha
Makhleb
Nemelex Xobeh
Okawaru
Sif Muna
Uskayaw
Vehumet
Wu Jian
Zin
Beogh
Jiyva

Shops:
D:11 (   Orc:2 ***!   Elf:3 (:!?(*[*   Shoals:2 (   Shoals:3 [   Vaults:2 :
Vaults:3 (   Depths:1 [   Depths:3 *   Depths:4 ?

Portals:
Hell: Depths:1 Depths:2 Depths:3 Depths:4
Abyss: Depths:1 Depths:3 Depths:4
Pandemonium: Depths:1 Depths:2 Depths:4
Ziggurat: Depths:1

Annotations:
D:10 Psyche
Lair:5 1 runed translucent door, Mioxy's ghost, journeyman MiBe
Lair:6 exclusion: 3 doors
Shoals:1 2 runed translucent doors, Roxanne; Yveteg's ghost, adept DsWz
Shoals:4 1 runed translucent door, exclusion: kraken, docpaisley's ghost, adept GrHu
Slime:2 Dissolution
Slime:5 Royal Jelly
Elf:2 3 runed translucent doors
Elf:3 2 runed translucent doors, Angani's ghost, adept DrDe
Vaults:1 3 runed translucent doors, Itutiusk's ghost, adept VSFi
Vaults:2 3 runed translucent doors, Plog's ghost, adept FeBe
Vaults:3 3 runed translucent doors, Tetudagra's ghost, adept DgGl
Depths:1 2 runed translucent doors, Bisiv's ghost, adept DjCj
Depths:2 2 transporters


Innate Abilities, Weirdness & Mutations

You are too large for most types of armour.
You have claws for hands.
You heal very quickly.
You are covered in fur. (AC +1)
You have tough skin. (AC +1)
You have a beak for a mouth.
You have a pair of horns on your head.
You tend to lose your temper in combat.
Your mind is acute. (Int +2)
Your flesh is very cold resistant. (rC++)
You are extremely strong-willed. (Will+++)
Your spells are a little harder to cast, but a little more powerful.
You have acidic saliva.
Your transparent skin significantly reduces your foes' accuracy. (Stealth+)
You expend magic power (3 MP) to strengthen your wands.


Message History

The Orb Guardian hits the jelly!!
The jelly dies!
There is a stone staircase leading up here.
You climb upwards.
Level annotation: Psyche
There is a stone staircase leading down here.
(D) Dungeon (T) Temple (L) Lair (A) Shoals (N) Spider Nest (M) Slime Pits (O) Orcish Mines (E) Elven Halls (V) Vaults (C) Crypt (U) Depths (H) Hell (Z) Zot
Where to? (Enter - D:1 @ (x,y), ? - help)
There is a large open door here.
An ice devil comes into view.
Unknown command.
You mangle the ice devil!! Your headbutt misses the ice devil.
You peck the ice devil. Your bite misses the ice devil.
The ice devil is severely wounded.
You scratch the ice devil but do no damage.
Your headbutt misses the ice devil.
You peck the ice devil, but do no damage.
The ice devil is severely wounded.
The ice devil hits you but does no damage.
You eviscerate the ice devil!!!
You kill the ice devil!
(D) Dungeon (T) Temple (L) Lair (A) Shoals (N) Spider Nest (M) Slime Pits (O) Orcish Mines (E) Elven Halls (V) Vaults (C) Crypt (U) Depths (H) Hell (Z) Zot
Where to? (Enter - D:1 @ (x,y), ? - help)
There is a stone staircase leading up here.
You climb upwards.
There is a stone staircase leading down here.
A tormentor comes into view.
Unknown command.
There is a stone staircase leading up here.
You climb upwards.
There is a stone staircase leading down here.
(D) Dungeon (T) Temple (L) Lair (A) Shoals (N) Spider Nest (M) Slime Pits (O) Orcish Mines (E) Elven Halls (V) Vaults (C) Crypt (U) Depths (H) Hell (Z) Zot
Where to? (Enter - D:1 @ (x,y), ? - help)
There is a stone staircase leading up here.
You climb upwards.
There is a stone staircase leading down here.
There is a stone staircase leading up here.
You climb upwards.
There is a stone staircase leading down here.
You hear a series of splatters.
You see here a +0 chain mail.
There is a stone staircase leading up here.
You climb upwards.
There is a stone staircase leading down here.
There is a stone staircase leading up here.
You climb upwards.
There is a stone staircase leading down here.
There is a stone staircase leading up here.
You climb upwards.
There is a stone staircase leading down here.
A smoke demon comes into view.
Unknown command.
You mangle the smoke demon!! You peck the smoke demon.
Your bite misses the smoke demon.
The smoke demon is almost dead.
You closely miss the smoke demon. You headbutt the smoke demon.
You kill the smoke demon!
(D) Dungeon (T) Temple (L) Lair (A) Shoals (N) Spider Nest (M) Slime Pits (O) Orcish Mines (E) Elven Halls (V) Vaults (C) Crypt (U) Depths (H) Hell (Z) Zot
Where to? (Enter - D:1 @ (x,y), ? - help)
A rust devil comes into view.
Unknown command.
Casting: Statue Form (mildly dangerous; 8% risk of failure)
Confirm with . or Enter, or press ? or * to list all spells.
You turn into a living statue of rough stone.
Your +0 troll leather armour melds into your body.
You eviscerate the rust devil!!!
You kill the rust devil!
You revert to your normal fleshy form.
Your +0 troll leather armour unmelds from your body.
Jiyva says: Divide and consume!
(D) Dungeon (T) Temple (L) Lair (A) Shoals (N) Spider Nest (M) Slime Pits (O) Orcish Mines (E) Elven Halls (V) Vaults (C) Crypt (U) Depths (H) Hell (Z) Zot
Where to? (Enter - D:1 @ (x,y), ? - help)
You hear a distant slurping noise.
Magic restored.
You hear a distant slurping noise.
You hear a distant slurping noise. x2
There is a stone staircase leading up here.
You climb upwards.
There is a stone staircase leading down here.
There is a stone staircase leading up here.
You climb upwards.
There is a stone staircase leading down here.
There is a staircase leading out of the dungeon here.
Unknown command.
You have escaped!

##########..##########....##.#
# ##.#......##.....##.# #
#####...####..#..#..##.#
#......## ##.#####.##.#
#.###..# #.###...##.#
##).....## ##........#.#
#..≈≈≈≈..####..≈≈≈≈...#.#
#.≈≈≈≈≈≈......≈≈≈≈≈≈..#.#
#.≈≈≈≈≈≈..>@..≈§§≈≈§..#.#
#.≈≈≈≈≈≈......≈≈≈≈≈≈..#.#
#..≈≈≈≈...##...≈≈≈≈.....# ###
##.......####.......##..# ..#
##.####### ##########..#
..####..####################.#
..+.......................##.#
..#########..........###.###.#
..# #..........# #.# #.#


There were no monsters in sight!

Vanquished Creatures
  4 orbs of fire (Zot:5)
  2 ancient liches
  Sojobo (Vaults:2)
  3 Killer Klowns (Zot:5)
  Xtahua (Depths:3)
  Margery (Vaults:3)
  9 golden dragons
  Nikola (Spider:1)
  2 electric golems
  Jorgrun (Elf:1)
  8 tentacled monstrosities
  26 Orb Guardians
  2 walking frostbound tomes (Depths:3)
  2 liches
  A titan (Vaults:4)
  5 quicksilver dragons
  2 deep elf master archers (Elf:3)
  2 deep elf blademasters (Elf:3)
  4 death cobs
  Kirke (Lair:5)
  12 storm dragons
  Gastronok (Lair:2)
  7 shadow dragons
  3 sphinxes
  Ilsuiw (Shoals:3)
  13 frost giants
  Donald (Elf:2)
  6 fire giants
  8 draconian monks
  6 tengu reavers
  An iron dragon (Depths:3)
  6 draconian knights
  Louise (Depths:3)
  2 draconian shifters
  5 ghost moths
  A balrug (Depths:4)
  13 vault wardens
  12 emperor scorpions
  5 deep elf sorcerers (Elf:3)
  A draconian scorcher (Zot:5)
  A curse skull (Vaults:2)
  3 deep elf elementalists (Elf:3)
  2 orc warlords (Vaults:2)
  4 spriggan defenders
  3 draconian annihilators
  2 draconian stormcallers (Zot:3)
  11 ironbound preservers
  A reaper (Depths:1)
  19 very ugly things
  15 stone giants
  6 black draconians
  2 war gargoyles
  5 vampire knights
  12 green draconians
  4 deep elf demonologists (Elf:3)
  13 red draconians
  8 purple draconians
  A minotaur (Gauntlet)
  3 dire elephants (Vaults:4)
  4 entropy weavers
  14 white draconians
  5 yellow draconians
  3 spark wasps
  7 deep elf annihilators
  7 deep elf death magi
  3 ettins
  7 merfolk javelineers
  8 merfolk impalers
  4 crystal guardians
  4 deep elf high priests
  6 fire dragons
  3 ironbound thunderhulks
  Josephine (D:13)
  3 yaktaur captains
  4 rakshasas
  15 vault guards
  3 peacekeepers
  2 catoblepae
  6 ice dragons
  8 boulder beetles
  4 ogre magi
  7 spriggan air magi
  7 hydras
  3 merfolk avatars
  A death knight (D:15)
  9 ironbound frosthearts
  7 centaur warriors
  11 deep troll shamans
  2 tengu warriors
  14 dancing weapons
  6 merfolk aquamancers
  Erica (D:10)
  7 death yaks
  2 satyrs (Shoals:3)
  3 thrashing horrors (Abyss:2)
  4 deep troll earth magi
  A shock serpent (shapeshifter) (Depths:3)
  8 orc high priests
  12 two-headed ogres
  15 hell knights
  2 sun demons
  14 deep elf knights
  The ghost of dziebel133 the Cleaver, a novice MiFi of Makhleb (D:9)
  A soul eater (Vaults:2)
  A wretched star (Abyss:2)
  4 iron trolls
  3 spriggan berserkers
  A death drake (Depths:4)
  4 sea snakes
  2 flayed ghosts
  A deep troll (shapeshifter) (Depths:1)
  40 deep trolls
  11 deep elf archers
  14 ironbound convokers
  3 phantasmal warriors
  8 lindwurms
  8 necromancers
  A wolf spider zombie (D:15)
  9 wizards
  An obsidian statue (Vaults:1)
  31 deep elf pyromancers
  30 wolf spiders
  23 harpies
  18 fauns
  An orc sorcerer (D:15)
  3 orc knights (Vaults:2)
  2 oklob plants (Spider:2)
  24 deep elf zephyrmancers
  10 cyclopes
  17 orb spiders
  12 manticores
  30 ugly things
  7 moths of wrath
  An elf zombie (Vaults:3)
  2 rust devils
  7 vault sentinels
  2 naga magi (D:15)
  2 smoke demons
  A spriggan zombie (Abyss:2)
  5 water nymphs
  11 elephants
  6 black mambas
  An apocalypse crab (Gauntlet)
  2 guardian serpents (Depths:2)
  2 orange demons
  4 torpor snails
  9 merfolk sirens
  The ghost of TheNamelessOne the Cudgeller, a novice FoFi (D:6)
  13 cane toads
  An unseen horror (shapeshifter) (D:14)
  2 gargoyles
  11 komodo dragons
  5 rime drakes
  27 yaktaurs
  An efreet (D:14)
  2 freezing wraiths
  An ancient zyme (Abyss:2)
  22 demonic crawlers
  A tengu conjurer (D:14)
  5 human skeletons
  6 trolls
  An ice devil (D:10)
  29 merfolk
  3 yaktaur skeletons
  A meliai (shapeshifter) (D:15)
  2 polar bears
  54 jumping spiders
  A merfolk (shapeshifter) (Vaults:3)
  12 wind drakes
  A harpy skeleton (D:15)
  7 hornets
  4 blink frogs (Lair:5)
  2 meliai zombies (D:10)
  6 dream sheep (Shoals:2)
  12 snapping turtles
  15 water elementals
  An ettin skeleton (Vaults:3)
  A spriggan (shapeshifter) (Elf:2)
  A ynoxinul (Depths:1)
  A centaur simulacrum (D:14)
  7 wraiths
  50 tarantellas
  67 redbacks
  7 spriggans
  3 shadows
  2 wyverns
  3 air elementals
  6 basilisks
  A vampire (D:11)
  A small abomination (Abyss:2)
  A yak (shapeshifter) (Elf:2)
  58 yaks
  A fire elemental (Elf:1)
  3 vampire mosquitoes (D:12)
  A chaos spawn (Depths:1)
  A steam dragon (D:8)
  5 wargs
  18 water moccasins
  A floating eye (shapeshifter) (Depths:2)
  4 swamp worms (D:10)
  Pargi (D:3)
  15 orc warriors
  4 sky beasts
  2 black bears
  7 ogres
  2 ice beasts
  7 wolves
  5 centaurs
  2 kobold brigands (D:10)
  2 phantoms (D:5)
  2 earth elementals
  A gnoll sergeant (D:11)
  13 bullfrogs
  A glowing shapeshifter simulacrum (Vaults:3)
  An ogre simulacrum (Vaults:3)
  A wyvern zombie (D:8)
  A scorpion (D:7)
  3 killer bees (D:9)
  A water moccasin skeleton (D:4)
  9 wights
  3 electric eels
  2 howler monkeys
  A bullfrog zombie (D:6)
  A human zombie (D:10)
  3 hounds
  9 centaur zombies
  34 orc priests
  2 bullfrog skeletons (D:6)
  A centaur skeleton (D:7)
  Jessica (D:2)
  2 iguanas
  27 orc wizards
  A killer bee zombie (D:9)
  A howler monkey zombie (D:10)
  8 gnolls
  2 river rats (D:3)
  9 adders
  An ufetubus (D:6)
  A dart slug (D:1)
  116 orcs
  4 endoplasms
  5 giant cockroaches
  7 goblins
  9 hobgoblins
  4 jackals (D:5)
  3 quokkas
  9 ball pythons
  7 bats
  3 frilled lizards
  20 kobolds
  10 rats
  A bush (Shoals:2)
1810 creatures vanquished.

Vanquished Creatures (collateral kills)
  Mlioglotl (Shoals:1)
  A yellow draconian (Zot:4)
  A hydra (Lair:6)
  An elephant (Lair:5)
  A merfolk siren (Shoals:2)
  2 merfolk (Shoals:2)
  A blink frog (Lair:5)
  A hog (Lair:5)
  A water moccasin (Lair:3)
10 creatures vanquished.

Vanquished Creatures (others)
  3 azure jellies
  An Orb Guardian (Zot:5)
  An acid blob (Zot:5)
  A tengu reaver (Depths:2)
  A fire giant (Depths:2)
  8 great orbs of eyes
  A vampire knight (Depths:2)
  An entropy weaver (Spider:3)
  A bunyip (shapeshifter) (Depths:2)
  2 fire dragons
  A yaktaur captain (Vaults:2)
  2 glowing orange brains
  A two-headed ogre (shapeshifter) (Depths:2)
  A two-headed ogre (D:12)
  A death yak (Shoals:3)
  2 tengu warriors
  2 deep elf knights
  A deep troll (Vaults:1)
  A necromancer (Vaults:2)
  2 deep elf zephyrmancers
  A harpy (Vaults:1)
  A manticore (Shoals:4)
  An orb spider (Spider:4)
  2 fauns (Shoals:3)
  A black mamba (Lair:5)
  A komodo dragon (Lair:2)
  5 yaktaurs
  3 merfolk (Shoals:3)
  A hornet (shapeshifter) (D:14)
  2 wind drakes (Shoals:3)
  6 slime creatures
  A redback (Spider:1)
  2 water elementals
  A vampire (D:13)
  2 yaks (Lair:2)
  A human (Lair:5)
  A floating eye (Depths:3)
  A floating eye (shapeshifter) (Depths:1)
  3 water moccasins
  2 orc warriors (D:12)
  A centaur (D:12)
  A bullfrog (Lair:3)
  A killer bee (shapeshifter) (Abyss:2)
  332 jellies
  A howler monkey (D:12)
  A jelly (shapeshifter) (Abyss:2)
  A small abomination (Abyss:2)
  2 orc priests
  An orc wizard (D:11)
  A dart slug (shapeshifter) (Abyss:2)
  12 orcs
  3 training dummies (Orc:2)
  A ball python (shapeshifter) (Abyss:2)
  2 bushes
  2 demonic plants (Gauntlet)
  81 fungi
  300 plants
  2 starspawn tentacles (Abyss:2)
  8 tentacles (Shoals:4)
  3 withered plants (Lair:6)
828 creatures vanquished.

Grand Total: 2648 creatures vanquished

Notes
Turn   | Place    | Note
-------+----------+-------------------------------------------
     0 | D:1      | EnegeticOcto the Troll Transmuter began the quest for the
                  | Orb.
     0 | D:1      | Reached XP level 1. HP: 18/18 MP: 1/1
   341 | D:1      | Reached skill level 1 in Stealth
   341 | D:1      | Reached XP level 2. HP: 26/26 MP: 0/2
  1380 | D:2      | Reached XP level 3. HP: 32/32 MP: 3/3
  1427 | D:2      | Noticed Jessica
  1457 | D:2      | Killed Jessica
  1458 | D:2      | Reached skill level 2 in Stealth
  1458 | D:2      | Reached skill level 1 in Fighting
  1481 | D:2      | You fall into a shaft and drop 2 floors!
  1516 | D:3      | Found a glowing drain.
  1546 | D:3      | Reached skill level 1 in Shields
  1546 | D:3      | Reached XP level 4. HP: 28/41 MP: 2/4
  1701 | Sewer    | Entered a sewer
  1709 | Sewer    | Noticed Pargi
  1784 | Sewer    | Reached skill level 2 in Shields
  1941 | D:3      | Killed Pargi
  1942 | D:3      | Reached skill level 4 in Unarmed Combat
  1942 | D:3      | Reached XP level 5. HP: 35/48 MP: 5/5
  2116 | D:2      | Found a faded altar of an unknown god.
  2816 | D:3      | Reached XP level 6. HP: 52/55 MP: 6/6
  2962 | D:4      | Reached skill level 5 in Unarmed Combat
  3284 | D:4      | Found a glowing silver altar of Zin.
  3285 | D:4      | Found an iron altar of Okawaru.
  3285 | D:4      | Found a sparkling altar of Nemelex Xobeh.
  3289 | D:4      | Found an opulent altar of Gozag.
  3302 | D:4      | Reached skill level 6 in Unarmed Combat
  3535 | D:4      | Reached XP level 7. HP: 56/62 MP: 7/7
  3704 | D:5      | Entered Level 5 of the Dungeon
  3792 | D:5      | Reached skill level 7 in Unarmed Combat
  4124 | D:5      | Reached skill level 8 in Unarmed Combat
  4351 | D:5      | Reached XP level 8. HP: 39/70 MP: 8/8
  4640 | D:6      | Found a staircase to the Ecumenical Temple.
  4758 | D:6      | Found a shadowy altar of Dithmenos.
  4758 | D:6      | Found a hazy altar of Hepliaklqana.
  4768 | D:6      | Found a burning altar of Makhleb.
  4798 | D:6      | Found an ornate altar of the Wu Jian Council.
  4800 | D:6      | Found a radiant altar of Vehumet.
  4831 | D:6      | Reached skill level 2 in Fighting
  4899 | D:6      | Reached skill level 3 in Shields
  5288 | D:6      | Reached skill level 3 in Fighting
  5402 | D:6      | Reached skill level 4 in Shields
  5474 | D:6      | Found a runed translucent door.
  5474 | D:6      | Noticed TheNamelessOne's ghost (novice FoFi)
  5487 | D:6      | Found a snail-covered altar of Cheibriados.
  5487 | D:6      | Found a white marble altar of Elyvilon.
  5526 | D:6      | Reached skill level 4 in Fighting
  5734 | D:6      | Reached skill level 9 in Unarmed Combat
  5883 | D:7      | Reached XP level 9. HP: 84/84 MP: 9/9
  6632 | D:7      | Found a hide-covered altar of Uskayaw.
  7360 | D:8      | Reached skill level 10 in Unarmed Combat
  7372 | D:8      | Reached skill level 5 in Fighting
  7495 | D:8      | Reached skill level 5 in Shields
  8067 | D:8      | Reached skill level 6 in Fighting
  8081 | D:8      | Reached XP level 10. HP: 98/98 MP: 10/10
  9142 | D:9      | Found a runed translucent door.
  9165 | D:9      | Noticed dziebel133's ghost (novice MiFi)
  9191 | D:9      | Reached skill level 6 in Shields
  9434 | D:9      | Found a staircase to the Lair.
  9497 | D:9      | Killed dziebel133's ghost
  9503 | D:9      | Identified the +6 fustibalus of the Present {speed, rPois
                  | rC+ rCorr}
 10132 | D:6      | Killed TheNamelessOne's ghost
 10133 | D:6      | Reached skill level 7 in Fighting
 10256 | D:10     | Entered Level 10 of the Dungeon
 10256 | D:10     | Noticed Erica
 10257 | D:10     | Paralysed by Erica for 6 turns
 10596 | D:10     | Reached skill level 7 in Shields
 10658 | D:10     | Reached skill level 8 in Fighting
 10666 | D:10     | Found an ancient bone altar of Kikubaaqudgha.
 10720 | D:10     | Noticed Psyche
 10815 | D:10     | Killed Erica
 10816 | D:10     | Reached skill level 8 in Shields
 10816 | D:10     | Reached XP level 11. HP: 90/111 MP: 11/11
 11451 | D:10     | Reached skill level 9 in Shields
 11838 | Lair:1   | Entered Level 1 of the Lair of Beasts
 11869 | Lair:1   | Reached skill level 1 in Evocations
 11895 | Lair:2   | Found a staircase to the Shoals.
 11941 | Lair:2   | Found a gate leading to a gauntlet.
 11950 | Gauntlet | Entered a Gauntlet
 11950 | Gauntlet | Found a transporter.
 11950 | Gauntlet | Found a transporter.
 11960 | Gauntlet | Found a transporter.
 11963 | Gauntlet | Found a transporter.
 11971 | Gauntlet | Found a transporter.
 11974 | Gauntlet | Found a transporter.
 11982 | Gauntlet | Found a transporter.
 12000 | Gauntlet | Found a transporter.
 12020 | Gauntlet | Found a transporter.
 12021 | Gauntlet | Found a transporter.
 12031 | Gauntlet | Found a transporter.
 12034 | Gauntlet | Found a transporter.
 12187 | Gauntlet | Paralysed by a hornet for 3 turns
 12192 | Gauntlet | Paralysed by a hornet for 2 turns
 12196 | Gauntlet | Paralysed by a hornet for 3 turns
 12305 | Gauntlet | Reached skill level 2 in Evocations
 12311 | Gauntlet | Identified the ring of Uteod {Drain rN++ Str+5 Int+6}
 12440 | Gauntlet | Noticed a minotaur
 12447 | Gauntlet | Killed a minotaur
 12509 | Gauntlet | Identified the ring of Ocsud {rElec rC+ Int+2}
 12575 | Lair:3   | Noticed a six-headed hydra
 12601 | Lair:2   | Reached skill level 3 in Stealth
 12660 | Lair:2   | Noticed Gastronok
 12722 | Lair:2   | Killed Gastronok
 12723 | Lair:2   | Reached skill level 3 in Evocations
 13014 | Lair:4   | Noticed a six-headed hydra
 13023 | Lair:4   | Killed a six-headed hydra
 13024 | Lair:4   | Reached skill level 9 in Fighting
 13083 | Lair:4   | Identified the +0 robe "Sutughug" {Contam *Slow rN+++
                  | Str+3}
 13200 | Lair:5   | Noticed a catoblepas
 13218 | Lair:4   | Noticed a death yak
 13218 | Lair:4   | Noticed a death yak
 13219 | Lair:4   | Noticed a death yak
 13241 | Lair:3   | Killed a death yak
 13242 | Lair:3   | Reached skill level 4 in Stealth
 13242 | Lair:3   | Reached XP level 12. HP: 89/123 MP: 12/12
 13278 | Lair:3   | Noticed a boulder beetle
 13340 | Lair:3   | Killed a boulder beetle
 13650 | Lair:4   | Reached skill level 10 in Fighting
 13702 | Lair:4   | Reached skill level 5 in Stealth
 13809 | Lair:4   | Found the +8 whip "Snakebite" {venom, curare, rPois}
 13814 | Lair:4   | Reached skill level 2 in Dodging
 14203 | Lair:4   | Reached skill level 3 in Dodging
 14360 | Lair:5   | Noticed Kirke
 14401 | Lair:5   | Killed Kirke
 14402 | Lair:5   | Reached skill level 11 in Unarmed Combat
 14561 | Lair:5   | Killed a catoblepas
 14645 | Lair:5   | Found a viscous altar of Jiyva.
 14647 | Lair:5   | Found a staircase to the Slime Pits.
 14654 | Lair:5   | Became a worshipper of Jiyva Juskizxa the Shapeless
 14766 | Lair:5   | Reached skill level 4 in Dodging
 14782 | Lair:5   | Found a runed translucent door.
 14784 | Lair:5   | Noticed Mioxy's ghost (journeyman MiBe)
 14894 | Lair:5   | Reached XP level 13. HP: 82/136 MP: 13/13
 15323 | Lair:4   | Reached * piety under Jiyva
 15361 | Lair:3   | Reached skill level 11 in Fighting
 15654 | Lair:3   | Reached skill level 12 in Unarmed Combat
 16250 | Lair:2   | Reached ** piety under Jiyva
 16969 | Lair:1   | Reached *** piety under Jiyva
 16969 | Lair:1   | Gained mutation: You are agile. (Dex +2) [Jiyva's grace]
 16969 | Lair:1   | Gained mutation: You are very agile. (Dex +4) [Jiyva's
                  | grace]
 16969 | Lair:1   | Gained mutation: You have sharp toenails. [Jiyva's grace]
 16969 | Lair:1   | Gained mutation: You have razor-sharp toenails. [Jiyva's
                  | grace]
 17337 | Lair:1   | Reached **** piety under Jiyva
 17909 | Lair:4   | Reached skill level 12 in Fighting
 17909 | Lair:4   | Reached skill level 13 in Unarmed Combat
 17959 | Lair:4   | Found a hole to the Spider Nest.
 18295 | Lair:6   | Entered Level 6 of the Lair of Beasts
 19062 | Lair:6   | Reached XP level 14. HP: 148/150 MP: 14/14
 19133 | Lair:6   | Reached skill level 14 in Unarmed Combat
 19507 | D:11     | Reached ***** piety under Jiyva
 19614 | D:11     | Lost mutation: You have razor-sharp toenails. [Jiyva's
                  | grace]
 19614 | D:11     | Gained mutation: You have a small jelly attached to you
                  | that may absorb projectiles. [Jiyva's grace]
 19614 | D:11     | Gained mutation: You passively map a small area around you.
                  | [Jiyva's grace]
 19614 | D:11     | Gained mutation: You passively map the area around you.
                  | [Jiyva's grace]
 19614 | D:11     | Gained mutation: You passively map a large area around you.
                  | [Jiyva's grace]
 19638 | D:11     | Noticed a storm dragon
 19817 | D:11     | Reached skill level 13 in Fighting
 19883 | D:11     | Found Zeharoud's Antique Weapon Emporium.
 20119 | D:11     | Found a staircase to the Orcish Mines.
 20814 | D:12     | Reached skill level 15 in Unarmed Combat
 21328 | Orc:1    | Entered Level 1 of the Orcish Mines
 21730 | Orc:1    | Reached ****** piety under Jiyva
 21730 | Orc:1    | Lost mutation: You have sharp toenails. [Jiyva's grace]
 21730 | Orc:1    | Lost mutation: You are very agile. (Dex +4) [Jiyva's grace]
 21730 | Orc:1    | Gained mutation: You have acidic saliva. [Jiyva's grace]
 21730 | Orc:1    | Gained mutation: Your flesh is cold resistant. (rC+)
                  | [Jiyva's grace]
 21730 | Orc:1    | Gained mutation: Your flesh is very cold resistant. (rC++)
                  | [Jiyva's grace]
 21730 | Orc:1    | Gained mutation: Your flesh is almost immune to the effects
                  | of cold. (rC+++) [Jiyva's grace]
 21755 | Orc:2    | Entered Level 2 of the Orcish Mines
 21820 | Orc:2    | Found a staircase to the Elven Halls.
 21900 | Orc:2    | Found Safav's Firing Range.
 22013 | Orc:2    | Reached skill level 1 in Armour
 22034 | Orc:2    | Found Socotoh's Assorted Antiques.
 22082 | Orc:2    | Found Caemmu's Assorted Antiques.
 22174 | Orc:2    | Found Cisiucaw's General Store.
 22180 | Orc:2    | Found Quleets's Distillery.
 22590 | Orc:2    | Bought a scroll of fear for 45 gold pieces
 22603 | Orc:2    | Bought a potion of curing for 54 gold pieces
 22763 | Orc:2    | Bought a scroll of fog for 62 gold pieces
 22772 | Orc:2    | Bought a potion of curing for 90 gold pieces
 22772 | Orc:2    | Bought a glowing cloak for 225 gold pieces
 22772 | Orc:2    | Bought a scroll of fear for 105 gold pieces
 22772 | Orc:2    | Bought a scroll of teleportation for 90 gold pieces
 22996 | Slime:1  | Entered Level 1 of the Pits of Slime
 22996 | Slime:1  | Noticed a quicksilver ooze
 22998 | Slime:1  | Noticed a rockslime
 23004 | Slime:2  | Noticed Dissolution
 23010 | Slime:2  | Noticed a quicksilver ooze
 23017 | Slime:3  | Noticed a quicksilver ooze
 23017 | Slime:3  | Noticed a quicksilver ooze
 23038 | Slime:4  | Noticed a rockslime
 23058 | Slime:4  | Noticed an acid blob
 23060 | Slime:4  | Noticed an acid blob
 23061 | Slime:4  | Noticed a quicksilver ooze
 23062 | Slime:4  | Noticed an azure jelly
 23126 | Slime:4  | Noticed a quicksilver ooze
 23141 | Slime:4  | Noticed an acid blob
 23146 | Slime:5  | Entered Level 5 of the Pits of Slime
 23157 | Slime:5  | Found a viscous altar of Jiyva.
 23159 | Slime:5  | Noticed a quicksilver ooze
 23159 | Slime:5  | Noticed an acid blob
 23159 | Slime:5  | Noticed a rockslime
 23159 | Slime:5  | Noticed a quicksilver ooze
 23159 | Slime:5  | Noticed an acid blob
 23160 | Slime:5  | Noticed an acid blob
 23162 | Slime:5  | Noticed an acid blob
 23162 | Slime:5  | Noticed the Royal Jelly
 23163 | Slime:5  | Noticed a rockslime
 23163 | Slime:5  | Noticed an acid blob
 23163 | Slime:5  | Noticed an acid blob
 23164 | Slime:5  | Noticed an azure jelly
 23164 | Slime:5  | Noticed an acid blob
 23164 | Slime:5  | Noticed a quicksilver ooze
 23168 | Slime:5  | Identified the ring "Fobag" {rPois rF+ Int+6 Stlth+}
 23171 | Slime:5  | Got the Grimoire of Quantum Ignition
 23184 | Slime:5  | Identified the amulet of Lust {RegenMP Harm rElec Int-5}
 23193 | Slime:5  | Got a slimy rune of Zot
 23203 | Slime:5  | Identified the +1 scale mail of Brilliance {Regen+ Dex+3}
 23213 | Slime:5  | Identified the +4 scimitar of Premature Burial {drain, Fly
                  | rPois Int-5 Stlth+}
 23259 | Slime:3  | Noticed an azure jelly
 23262 | Slime:3  | Noticed an acid blob
 23475 | D:13     | Reached skill level 2 in Armour
 23628 | D:13     | Noticed an acid blob
 23628 | D:13     | a five-headed hydra changed into an acid blob
 23679 | D:13     | Noticed Josephine
 23694 | D:13     | Killed Josephine
 23695 | D:13     | Reached skill level 4 in Evocations
 23982 | D:13     | Found a sparkling altar of Nemelex Xobeh.
 24060 | D:14     | Lost mutation: You are agile. (Dex +2) [Jiyva's grace]
 24060 | D:14     | Lost mutation: Your flesh is almost immune to the effects
                  | of cold. (rC+++) [Jiyva's grace]
 24060 | D:14     | Lost mutation: You passively map a large area around you.
                  | [Jiyva's grace]
 24060 | D:14     | Lost mutation: You passively map the area around you.
                  | [Jiyva's grace]
 24060 | D:14     | Lost mutation: You have acidic saliva. [Jiyva's grace]
 24060 | D:14     | Lost mutation: You have a small jelly attached to you that
                  | may absorb projectiles. [Jiyva's grace]
 24060 | D:14     | Gained mutation: Your translucent skin slightly reduces
                  | your foes' accuracy. (Stealth+) [Jiyva's grace]
 24060 | D:14     | Gained mutation: Your translucent skin reduces your foes'
                  | accuracy. (Stealth+) [Jiyva's grace]
 24060 | D:14     | Gained mutation: Your transparent skin significantly
                  | reduces your foes' accuracy. (Stealth+) [Jiyva's grace]
 24060 | D:14     | Gained mutation: Your muscles are strong. (Str +2) [Jiyva's
                  | grace]
 24076 | D:14     | Reached skill level 3 in Armour
 24148 | D:14     | Learned a level 5 spell: Irradiate
 24327 | D:14     | Learned a level 6 spell: Statue Form
 24448 | D:14     | Found a gate to the Vaults.
 24457 | D:14     | Reached XP level 15. HP: 161/161 MP: 15/15
 24464 | D:14     | Paralysed by an ogre mage for 2 turns
 24484 | D:14     | Reached skill level 2 in Transmutations
 24522 | D:14     | Reached skill level 5 in Evocations
 24541 | D:14     | Reached skill level 3 in Transmutations
 24686 | D:14     | Identified a scroll of acquirement
 24686 | D:14     | Acquired 471 gold pieces
 24863 | D:15     | Entered Level 15 of the Dungeon
 25008 | D:15     | Found an opulent altar of Gozag.
 25192 | D:15     | Reached skill level 4 in Transmutations
 25261 | D:15     | Reached skill level 6 in Evocations
 25290 | D:15     | Found a staircase to the Depths.
 26036 | Shoals:1 | Entered Level 1 of the Shoals
 26048 | Shoals:1 | Noticed Mlioglotl
 26056 | Shoals:1 | Reached skill level 1 in Earth Magic
 26071 | Shoals:1 | Killed Mlioglotl
 26173 | Shoals:1 | Reached skill level 5 in Transmutations
 26204 | Shoals:1 | Found a large runed translucent door.
 26204 | Shoals:1 | Found a large runed translucent door.
 26205 | Shoals:1 | Noticed Yveteg's ghost (adept DsWz)
 26210 | Shoals:1 | Reached skill level 2 in Spellcasting
 26210 | Shoals:1 | Reached skill level 2 in Earth Magic
 26361 | Shoals:1 | Lost mutation: Your transparent skin significantly reduces
                  | your foes' accuracy. (Stealth+) [Jiyva's grace]
 26361 | Shoals:1 | Lost mutation: Your translucent skin reduces your foes'
                  | accuracy. (Stealth+) [Jiyva's grace]
 26361 | Shoals:1 | Gained mutation: Your rubbery body absorbs attacks. (AC +1,
                  | EV +1) [Jiyva's grace]
 26361 | Shoals:1 | Gained mutation: Your pliable body absorbs attacks. (AC +2,
                  | EV +2) [Jiyva's grace]
 26361 | Shoals:1 | Gained mutation: Your gelatinous body deflects attacks. (AC
                  | +3, EV +3) [Jiyva's grace]
 26361 | Shoals:1 | Gained mutation: You are partially covered in large bone
                  | plates. (SH +4) [Jiyva's grace]
 26366 | Shoals:1 | Noticed Roxanne
 26402 | Shoals:1 | Reached skill level 3 in Earth Magic
 26809 | Shoals:1 | Reached skill level 3 in Spellcasting
 26971 | Shoals:2 | Reached skill level 4 in Earth Magic
 27064 | Shoals:2 | Reached skill level 6 in Transmutations
 27120 | Shoals:2 | Reached XP level 16. HP: 170/170 MP: 19/19
 27477 | Shoals:2 | Found Ataofa's Antique Weapon Boutique.
 27492 | Shoals:2 | Reached skill level 5 in Earth Magic
 27723 | Shoals:3 | Noticed Aizul
 27726 | Shoals:3 | Slimified Aizul
 27726 | Shoals:3 | Noticed Aizul
 27726 | Shoals:3 | Aizul changed into Aizul the azure jelly
 27737 | Shoals:3 | Noticed Polyphemus
 27756 | Shoals:3 | Noticed an acid blob
 27756 | Shoals:3 | a catoblepas changed into an acid blob
 27759 | Shoals:3 | Reached skill level 4 in Spellcasting
 27767 | Shoals:3 | Slimified Polyphemus
 27767 | Shoals:3 | Noticed Polyphemus
 27767 | Shoals:3 | Polyphemus changed into Polyphemus the azure jelly
 28086 | Shoals:3 | Reached skill level 6 in Earth Magic
 28156 | Shoals:3 | Found Pajeradi's Antique Armour Shop.
 28171 | Shoals:3 | Reached skill level 7 in Transmutations
 28589 | Shoals:4 | Entered Level 4 of the Shoals
 28600 | Shoals:4 | Lost mutation: You are partially covered in large bone
                  | plates. (SH +4) [Jiyva's grace]
 28600 | Shoals:4 | Lost mutation: Your muscles are strong. (Str +2) [Jiyva's
                  | grace]
 28600 | Shoals:4 | Lost mutation: Your gelatinous body deflects attacks. (AC
                  | +3, EV +3) [Jiyva's grace]
 28600 | Shoals:4 | Gained mutation: You are agile. (Dex +2) [Jiyva's grace]
 28600 | Shoals:4 | Gained mutation: You are very agile. (Dex +4) [Jiyva's
                  | grace]
 28600 | Shoals:4 | Gained mutation: Your translucent skin reduces your foes'
                  | accuracy. (Stealth+) [Jiyva's grace]
 28600 | Shoals:4 | Gained mutation: Your transparent skin significantly
                  | reduces your foes' accuracy. (Stealth+) [Jiyva's grace]
 28714 | Shoals:4 | Noticed Ilsuiw
 29057 | Shoals:3 | Killed Ilsuiw
 29147 | Shoals:4 | Identified the +2 robe of Egalitarianism {SInv}
 29177 | Shoals:4 | Found a runed translucent door.
 29326 | Shoals:4 | Reached skill level 5 in Spellcasting
 29405 | Shoals:4 | Reached skill level 7 in Earth Magic
 29577 | Shoals:4 | Noticed a kraken
 29608 | Shoals:4 | Reached skill level 8 in Transmutations
 29720 | Shoals:4 | Got a barnacled rune of Zot
 29915 | Shoals:4 | Noticed docpaisley's ghost (adept GrHu)
 30033 | Spider:1 | Entered Level 1 of the Spider Nest
 30054 | Lair:4   | Lost mutation: Your transparent skin significantly reduces
                  | your foes' accuracy. (Stealth+) [potion of mutation]
 30054 | Lair:4   | Lost mutation: Your flesh is very cold resistant. (rC++)
                  | [potion of mutation]
 30054 | Lair:4   | Lost mutation: You are very agile. (Dex +4) [potion of
                  | mutation]
 30055 | Lair:4   | Lost mutation: Your flesh is cold resistant. (rC+) [potion
                  | of mutation]
 30055 | Lair:4   | Lost mutation: Your translucent skin reduces your foes'
                  | accuracy. (Stealth+) [potion of mutation]
 30055 | Lair:4   | Lost mutation: Your pliable body absorbs attacks. (AC +2,
                  | EV +2) [potion of mutation]
 30055 | Lair:4   | Gained mutation: You are very agile. (Dex +4) [potion of
                  | mutation]
 30055 | Lair:4   | Gained mutation: You are robust. (+10% HP) [potion of
                  | mutation]
 30085 | Spider:1 | Reached skill level 8 in Earth Magic
 30343 | Spider:1 | Reached XP level 17. HP: 151/195 MP: 23/23
 30818 | Spider:1 | Reached skill level 9 in Earth Magic
 30824 | Spider:1 | Reached skill level 9 in Transmutations
 31088 | Spider:1 | Noticed Nikola
 31100 | Spider:1 | Killed Nikola
 31833 | Spider:2 | Reached skill level 10 in Earth Magic
 31988 | Spider:2 | Reached skill level 10 in Transmutations
 32331 | Spider:2 | Lost mutation: You are very agile. (Dex +4) [Jiyva's grace]
 32331 | Spider:2 | Lost mutation: Your rubbery body absorbs attacks. (AC +1,
                  | EV +1) [Jiyva's grace]
 32331 | Spider:2 | Lost mutation: Your translucent skin slightly reduces your
                  | foes' accuracy. (Stealth+) [Jiyva's grace]
 32331 | Spider:2 | Gained mutation: You possess an exceptional clarity of
                  | mind. [Jiyva's grace]
 32331 | Spider:2 | Gained mutation: Armour fits poorly on your pseudopods.
                  | [Jiyva's grace]
 32331 | Spider:2 | Gained mutation: Armour fits poorly on your large
                  | pseudopods. [Jiyva's grace]
 32331 | Spider:2 | Gained mutation: Armour fits poorly on your massive
                  | pseudopods. [Jiyva's grace]
 32585 | Spider:2 | Reached skill level 11 in Earth Magic
 33200 | Spider:4 | Entered Level 4 of the Spider Nest
 33229 | Spider:3 | Reached skill level 12 in Earth Magic
 33284 | Spider:4 | Reached skill level 1 in Conjurations
 33302 | Spider:4 | Reached XP level 18. HP: 205/205 MP: 24/24
 33460 | Spider:4 | Reached skill level 2 in Conjurations
 33546 | Spider:4 | Reached skill level 3 in Conjurations
 33599 | Spider:4 | Got a gossamer rune of Zot
 34268 | Elf:1    | Entered Level 1 of the Elven Halls
 34340 | Elf:1    | Learned a level 2 spell: Wereblood
 34426 | Elf:1    | Reached skill level 6 in Spellcasting
 34692 | Elf:1    | Lost mutation: You are agile. (Dex +2) [Jiyva's grace]
 34692 | Elf:1    | Lost mutation: Armour fits poorly on your massive
                  | pseudopods. [Jiyva's grace]
 34692 | Elf:1    | Lost mutation: Armour fits poorly on your large pseudopods.
                  | [Jiyva's grace]
 34692 | Elf:1    | Gained mutation: Your rubbery body absorbs attacks. (AC +1,
                  | EV +1) [Jiyva's grace]
 34692 | Elf:1    | Gained mutation: Your pliable body absorbs attacks. (AC +2,
                  | EV +2) [Jiyva's grace]
 34692 | Elf:1    | Gained mutation: Your gelatinous body deflects attacks. (AC
                  | +3, EV +3) [Jiyva's grace]
 34692 | Elf:1    | Gained mutation: You are partially covered in iridescent
                  | scales. (AC +2) [Jiyva's grace]
 34706 | Elf:1    | Reached skill level 4 in Conjurations
 34707 | Elf:1    | Reached skill level 13 in Earth Magic
 34759 | Elf:1    | Noticed Jorgrun
 34764 | Elf:1    | Killed Jorgrun
 34998 | Elf:1    | Got Improving Your Casting
 35486 | Elf:2    | Noticed Donald
 35491 | Elf:2    | Killed Donald
 35492 | Elf:2    | Reached skill level 5 in Conjurations
 35515 | Elf:2    | Found a runed translucent gate.
 35515 | Elf:2    | Found a runed translucent gate.
 35515 | Elf:2    | Found a runed translucent gate.
 35551 | Elf:2    | Reached skill level 16 in Unarmed Combat
 35580 | Elf:2    | Found a shimmering blue altar of Sif Muna.
 35623 | Elf:2    | Paralysed by an air elemental for 1 turns
 35625 | Elf:2    | Paralysed by an air elemental for 1 turns
 35947 | Elf:3    | Entered Level 3 of the Elven Halls
 35956 | Elf:3    | Found Asoahi's Armour Shop.
 36042 | Elf:3    | Reached skill level 7 in Spellcasting
 36044 | Elf:3    | Found Uruneofi's Assorted Antiques.
 36080 | Elf:3    | Found Vifij Mod's Distillery.
 36080 | Elf:3    | Found Byevesa's Magic Scroll Emporium.
 36083 | Elf:3    | Found Koetrug's Antique Weapon Shoppe.
 36090 | Elf:3    | Bought a scroll of immolation for 42 gold pieces
 36090 | Elf:3    | Bought a scroll of teleportation for 36 gold pieces
 36092 | Elf:3    | Bought a potion of heal wounds for 65 gold pieces
 36092 | Elf:3    | Bought a potion of berserk rage for 65 gold pieces
 36095 | Elf:3    | Bought a potion of haste for 130 gold pieces
 36095 | Elf:3    | Bought a potion of mutation for 104 gold pieces
 36095 | Elf:3    | Bought a potion of curing for 39 gold pieces
 36095 | Elf:3    | Bought a potion of mutation for 104 gold pieces
 36095 | Elf:3    | Bought 2 potions of might for 104 gold pieces
 36126 | Elf:3    | Found Ucucs's Book Emporium.
 36140 | Elf:3    | Paralysed by an air elemental for 1 turns
 36203 | Elf:3    | Found a large runed translucent door.
 36203 | Elf:3    | Found a large runed translucent door.
 36205 | Elf:3    | Noticed Angani's ghost (adept DrDe)
 36232 | Elf:3    | Found Kudur Ydumpy's Weapon Emporium.
 36261 | Elf:3    | Found Ankicewk's Assorted Antiques.
 36269 | Elf:3    | Bought a glowing scarf for 296 gold pieces
 36269 | Elf:3    | Bought a scroll of immolation for 129 gold pieces
 36269 | Elf:3    | Bought a scroll of fog for 74 gold pieces
 36353 | Elf:3    | Reached XP level 19. HP: 214/214 MP: 28/28
 36390 | Elf:3    | Noticed a Brimstone Fiend
 36401 | Elf:3    | Identified the +2 leather armour of the Tundras {rN+}
 36409 | Elf:3    | Paralysed by an air elemental for 1 turns
 36410 | Elf:3    | Identified the +8 quarterstaff "Grim" {holy, Will+}
 36417 | Elf:3    | Reached skill level 6 in Conjurations
 36428 | Elf:3    | Identified the +7 mace "Tulir" {holy, rPois Will+++ Dex-2}
 36441 | Elf:3    | Identified the ring "Kedae" {rElec rN+ Str-3 Int+3}
 36678 | Elf:3    | Identified the amulet "Hizaghui" {Faith +Blink}
 36715 | Elf:3    | Noticed a Brimstone Fiend
 37035 | Vaults:1 | Entered Level 1 of the Vaults
 37230 | Vaults:1 | Reached skill level 17 in Unarmed Combat
 37231 | Vaults:1 | Reached skill level 7 in Conjurations
 37248 | Vaults:1 | Acquired 564 gold pieces
 37336 | Vaults:1 | Lost mutation: Your gelatinous body deflects attacks. (AC
                  | +3, EV +3) [Jiyva's grace]
 37336 | Vaults:1 | Gained mutation: You are agile. (Dex +2) [Jiyva's grace]
 37336 | Vaults:1 | Gained mutation: You are very agile. (Dex +4) [Jiyva's
                  | grace]
 37336 | Vaults:1 | Gained mutation: Your mind is acute. (Int +2) [Jiyva's
                  | grace]
 37336 | Vaults:1 | Gained mutation: Your mind is very acute. (Int +4) [Jiyva's
                  | grace]
 37514 | Vaults:1 | Found a runed translucent gate.
 37514 | Vaults:1 | Found a runed translucent gate.
 37514 | Vaults:1 | Found a runed translucent gate.
 37514 | Vaults:1 | Noticed Itutiusk's ghost (adept VSFi)
 37578 | Vaults:1 | Reached skill level 8 in Spellcasting
 38199 | Vaults:2 | You fall into a shaft and drop 1 floor!
 38288 | Vaults:2 | Reached skill level 8 in Conjurations
 38317 | Vaults:2 | Reached skill level 11 in Transmutations
 38382 | Vaults:2 | Reached XP level 20. HP: 224/224 MP: 31/31
 38494 | Vaults:2 | Noticed Sojobo
 38508 | Vaults:2 | Killed Sojobo
 38509 | Vaults:2 | Reached skill level 18 in Unarmed Combat
 38512 | Vaults:2 | Reached skill level 9 in Spellcasting
 38518 | Vaults:2 | Gained mutation: You sometimes lose the ability to read
                  | scrolls when taking damage. [mutagenic glow]
 38546 | Vaults:2 | Found a staircase to the Crypt.
 38604 | Vaults:2 | Found Tenil's Book Shop.
 38622 | Vaults:2 | Noticed an ancient lich
 38631 | Vaults:2 | Killed an ancient lich
 38632 | Vaults:2 | Reached skill level 19 in Unarmed Combat
 38697 | Vaults:2 | Found a runed translucent gate.
 38698 | Vaults:2 | Found a runed translucent gate.
 38699 | Vaults:2 | Found a runed translucent gate.
 38886 | Vaults:2 | Lost mutation: Your mind is very acute. (Int +4) [Jiyva's
                  | grace]
 38886 | Vaults:2 | Lost mutation: You passively map a small area around you.
                  | [Jiyva's grace]
 38886 | Vaults:2 | Lost mutation: Your pliable body absorbs attacks. (AC +2,
                  | EV +2) [Jiyva's grace]
 38886 | Vaults:2 | Lost mutation: You sometimes lose the ability to read
                  | scrolls when taking damage. [Jiyva's grace]
 38886 | Vaults:2 | Gained mutation: You have a beak for a mouth. [Jiyva's
                  | grace]
 38886 | Vaults:2 | Gained mutation: Your translucent skin slightly reduces
                  | your foes' accuracy. (Stealth+) [Jiyva's grace]
 38886 | Vaults:2 | Gained mutation: Your translucent skin reduces your foes'
                  | accuracy. (Stealth+) [Jiyva's grace]
 38886 | Vaults:2 | Gained mutation: Your transparent skin significantly
                  | reduces your foes' accuracy. (Stealth+) [Jiyva's grace]
 39146 | Vaults:2 | Noticed Plog's ghost (adept FeBe)
 39480 | Vaults:3 | Reached skill level 20 in Unarmed Combat
 39713 | Vaults:3 | Found a runed translucent gate.
 39713 | Vaults:3 | Found a runed translucent gate.
 39713 | Vaults:3 | Found a runed translucent gate.
 39728 | Vaults:3 | Noticed Tetudagra's ghost (adept DgGl)
 39730 | Vaults:3 | Found an iron altar of Okawaru.
 40014 | Vaults:3 | Noticed Margery
 40065 | Vaults:3 | Killed Margery
 40066 | Vaults:3 | Reached skill level 21 in Unarmed Combat
 40079 | Vaults:3 | Found Ykkathe's Antique Weapon Shop.
 40228 | Vaults:3 | Lost mutation: You are partially covered in iridescent
                  | scales. (AC +2) [Jiyva's grace]
 40228 | Vaults:3 | Lost mutation: You are very agile. (Dex +4) [Jiyva's grace]
 40228 | Vaults:3 | Lost mutation: You possess an exceptional clarity of mind.
                  | [Jiyva's grace]
 40228 | Vaults:3 | Gained mutation: You expend magic power (3 MP) to
                  | strengthen your wands. [Jiyva's grace]
 40228 | Vaults:3 | Gained mutation: Your system is resistant to poisons.
                  | (rPois) [Jiyva's grace]
 40228 | Vaults:3 | Gained mutation: You heal very quickly. [Jiyva's grace]
 40228 | Vaults:3 | Gained mutation: You regenerate. [Jiyva's grace]
 40695 | Vaults:4 | Cast into level 2 of the Abyss (a wizard)
 40698 | Abyss:2  | Found a corrupted altar of Lugonu.
 40767 | Abyss:2  | Reached skill level 14 in Fighting
 40826 | Vaults:4 | Escaped the Abyss
 40835 | Vaults:4 | Reached skill level 10 in Shields
 40941 | Vaults:4 | Reached XP level 21. HP: 235/235 MP: 33/33
 41261 | Vaults:4 | Lost mutation: Your system is resistant to poisons. (rPois)
                  | [Jiyva's grace]
 41261 | Vaults:4 | Lost mutation: Armour fits poorly on your pseudopods.
                  | [Jiyva's grace]
 41261 | Vaults:4 | Gained mutation: Your flesh is cold resistant. (rC+)
                  | [Jiyva's grace]
 41261 | Vaults:4 | Gained mutation: Your flesh is very cold resistant. (rC++)
                  | [Jiyva's grace]
 41261 | Vaults:4 | Gained mutation: Your flesh is almost immune to the effects
                  | of cold. (rC+++) [Jiyva's grace]
 41261 | Vaults:4 | Gained mutation: Your muscles are strong. (Str +2) [Jiyva's
                  | grace]
 42039 | Depths:1 | Entered Level 1 of the Depths
 42177 | Depths:1 | Found a gateway to a ziggurat.
 42284 | Depths:1 | Found a shimmering blue altar of Sif Muna.
 42361 | Depths:1 | Found a gateway to Hell.
 42453 | Depths:1 | Found a one-way gate to the infinite horrors of the Abyss.
 42533 | Depths:1 | Found Dyceag's Antique Armour Boutique.
 42576 | Depths:1 | Noticed Bisiv's ghost (adept DjCj)
 42576 | Depths:1 | Noticed an ancient lich
 42576 | Depths:1 | Noticed a caustic shrike
 42607 | Depths:1 | Found a runed translucent door.
 42610 | Depths:1 | Found a runed translucent door.
 42770 | Depths:1 | Reached skill level 11 in Shields
 42789 | Depths:1 | Found a one-way gate leading to the halls of Pandemonium.
 43122 | Depths:2 | Lost mutation: Your flesh is almost immune to the effects
                  | of cold. (rC+++) [Jiyva's grace]
 43122 | Depths:2 | Lost mutation: You regenerate. [Jiyva's grace]
 43122 | Depths:2 | Gained mutation: You have a small jelly attached to you
                  | that may absorb projectiles. [Jiyva's grace]
 43122 | Depths:2 | Gained mutation: You have acidic saliva. [Jiyva's grace]
 43122 | Depths:2 | Gained mutation: You have a pair of small horns on your
                  | head. [Jiyva's grace]
 43122 | Depths:2 | Gained mutation: You have a pair of horns on your head.
                  | [Jiyva's grace]
 43140 | Depths:2 | Identified the ring "Sahibb" {Ice Int+3}
 43151 | Depths:2 | Found a white marble altar of Elyvilon.
 43222 | Depths:2 | Acquired Roagug's Reference Book on the Birds and Shape
                  | Shifting
 43227 | Depths:2 | Learned a level 2 spell: Passwall
 43230 | Depths:2 | Learned a level 2 spell: Blink
 43235 | Depths:2 | Noticed Saint Roka
 43245 | Depths:2 | Slimified Saint Roka
 43245 | Depths:2 | Noticed Saint Roka
 43245 | Depths:2 | Saint Roka changed into Saint Roka the azure jelly
 43309 | Depths:2 | Reached skill level 1 in Translocations
 43312 | Depths:2 | Identified the ring "Joho" {Wiz Str+2 SInv}
 43333 | Depths:2 | Found a white marble altar of Elyvilon.
 43366 | Depths:2 | Found a transporter.
 43403 | Depths:2 | Reached skill level 15 in Fighting
 43463 | Depths:2 | Reached skill level 2 in Translocations
 43479 | Depths:2 | Noticed a golden dragon
 43482 | Depths:2 | Killed a golden dragon
 43505 | Depths:2 | Killed Saint Roka the azure jelly
 43517 | Depths:2 | Identified the ring of Daofij {Ice rElec Int+3 Slay-2}
 43636 | Depths:2 | You fall into a shaft and drop 1 floor!
 43672 | Depths:3 | Reached skill level 3 in Translocations
 43674 | Depths:3 | Found Busm's Assorted Antiques.
 43731 | Depths:2 | Found a transporter.
 43922 | Depths:3 | Bought a scroll of summoning for 247 gold pieces
 43922 | Depths:3 | Bought a wand of paralysis (4) for 52 gold pieces
 43922 | Depths:3 | Bought a potion of heal wounds for 130 gold pieces
 44070 | Depths:3 | Reached skill level 12 in Shields
 44084 | Depths:3 | Noticed Xtahua
 44091 | Depths:3 | Killed Xtahua
 44240 | Depths:3 | Noticed Louise
 44242 | Depths:3 | Reached skill level 4 in Translocations
 44259 | Depths:3 | Reached XP level 22. HP: 250/250 MP: 34/34
 44265 | Depths:3 | Killed Louise
 44362 | Depths:3 | Noticed a golden dragon
 44371 | Depths:3 | Killed a golden dragon
 44674 | Depths:4 | Entered Level 4 of the Depths
 44746 | Depths:4 | Reached skill level 5 in Translocations
 44861 | Depths:4 | Reached skill level 16 in Fighting
 44893 | Depths:4 | Reached skill level 13 in Shields
 44987 | Depths:4 | Found Higay's Magic Scroll Shop.
 44992 | Depths:4 | Bought a scroll of fog for 36 gold pieces
 44992 | Depths:4 | Bought a scroll of teleportation for 54 gold pieces
 44992 | Depths:4 | Bought a scroll of immolation for 63 gold pieces
 44992 | Depths:4 | Bought a scroll of fog for 36 gold pieces
 44992 | Depths:4 | Bought a scroll of teleportation for 54 gold pieces
 45138 | Depths:4 | Lost mutation: You are agile. (Dex +2) [Jiyva's grace]
 45138 | Depths:4 | Lost mutation: Your rubbery body absorbs attacks. (AC +1,
                  | EV +1) [Jiyva's grace]
 45138 | Depths:4 | Lost mutation: You have a small jelly attached to you that
                  | may absorb projectiles. [Jiyva's grace]
 45138 | Depths:4 | Gained mutation: You are strong-willed. (Will+) [Jiyva's
                  | grace]
 45138 | Depths:4 | Gained mutation: You are highly strong-willed. (Will++)
                  | [Jiyva's grace]
 45138 | Depths:4 | Gained mutation: You are extremely strong-willed. (Will+++)
                  | [Jiyva's grace]
 45138 | Depths:4 | Gained mutation: Your spells are a little harder to cast,
                  | but a little more powerful. [Jiyva's grace]
 45195 | Depths:4 | Identified the +7 quick blade of Keagenk {vorpal, Int+3}
 45211 | Depths:4 | Noticed a golden dragon
 45217 | Depths:4 | Reached skill level 14 in Shields
 45220 | Depths:4 | Killed a golden dragon
 45324 | Depths:4 | Noticed a golden dragon
 45340 | Depths:4 | Killed a golden dragon
 45353 | Depths:4 | Found a gate to the Realm of Zot.
 45374 | Depths:4 | Reached skill level 15 in Shields
 45459 | Depths:4 | Noticed a golden dragon
 45463 | Depths:4 | Killed a golden dragon
 45552 | Depths:4 | Noticed a golden dragon
 45561 | Depths:4 | Killed a golden dragon
 45583 | Depths:4 | Noticed a golden dragon
 45593 | Depths:4 | Killed a golden dragon
 45728 | Zot:1    | Entered Level 1 of the Realm of Zot
 45734 | Zot:1    | Reached XP level 23. HP: 262/262 MP: 35/35
 45757 | Zot:1    | Reached skill level 5 in Dodging
 45787 | Zot:2    | Identified the amulet "Juovvel" {Reflect rF+ SH+5}
 45841 | Zot:2    | Reached skill level 7 in Evocations
 45942 | Zot:3    | Lost mutation: You are robust. (+10% HP) [mutagenic glow]
 45952 | Zot:3    | Reached skill level 6 in Dodging
 46142 | Zot:5    | Entered Level 5 of the Realm of Zot
 46913 | Zot:5    | Reached skill level 8 in Evocations
 46979 | Zot:5    | Noticed an ancient lich
 46987 | Zot:5    | Slimified an ancient lich
 47212 | Zot:5    | Reached skill level 7 in Dodging
 47216 | Zot:5    | Noticed an orb of fire
 47219 | Zot:5    | Noticed a dread lich
 47220 | Zot:5    | Lost mutation: Your muscles are strong. (Str +2) [an orb of
                  | fire]
 47222 | Zot:5    | Killed an orb of fire
 47225 | Zot:5    | Noticed a Killer Klown
 47226 | Zot:5    | Slimified a dread lich
 47228 | Zot:5    | Noticed a dread lich
 47228 | Zot:5    | Noticed an orb of fire
 47228 | Zot:5    | Noticed a Killer Klown
 47228 | Zot:5    | Noticed an ancient lich
 47250 | Zot:5    | Killed a Killer Klown
 47255 | Zot:5    | Reached skill level 17 in Fighting
 47266 | Zot:5    | Noticed an orb of fire
 47266 | Zot:5    | Gained mutation: You tend to lose your temper in combat.
                  | [an orb of fire]
 47268 | Zot:5    | Killed an orb of fire
 47284 | Zot:5    | Killed an orb of fire
 47285 | Zot:5    | Noticed an orb of fire
 47292 | Zot:5    | Killed an orb of fire
 47298 | Zot:5    | Noticed a Killer Klown
 47300 | Zot:5    | Noticed a dread lich
 47301 | Zot:5    | Slimified a dread lich
 47301 | Zot:5    | a dread lich changed into an acid blob
 47360 | Zot:5    | Killed a Killer Klown
 47361 | Zot:5    | Reached skill level 9 in Evocations
 47383 | Zot:5    | Noticed a Killer Klown
 47407 | Zot:5    | Killed a Killer Klown
 47809 | Zot:5    | Killed an ancient lich
 47824 | Zot:5    | Reached skill level 18 in Fighting
 47851 | Zot:5    | Reached XP level 24. HP: 256/256 MP: 35/35
 47938 | Zot:5    | Got the Orb of Zot
 48418 | D:$      | Escaped with the Orb!

Illustrated notes

Levels and vault maps discovered:
D:1:      dpeg_arrival_pits, layout_basic, serial_forest,
          infiniplex_forest_clump_small, infiniplex_forest_lined_room_2,
          infiniplex_forest_clump_double, infiniplex_forest_lined_1,
          infiniplex_forest_end_3, minmay_heptomino_w4
D:2:      layout_loops_ring, basic_ecumenical_altar, uniq_jessica
D:3:      layout_loops_ring, portal_sewer_entry_a
D:4:      layout_cave_pools, chequers_temple_overflow_statue_of_worship,
          serial_rivers, chequers_serial_rivers_small_a,
          chequers_serial_rivers_micro_a, chequers_serial_rivers_room_a,
          chequers_serial_rivers_large_a, chequers_serial_rivers_small_b
D:5:      layout_basic
D:6:      layout_rooms, chequers_temple_overflow_minitemple,
          gammafunk_temple_overflow_elements, temple_fountains,
          gammafunk_ghost_grave
D:7:      layout_layer_cave, mainiacjoe_overflow_alcove_2
D:8:      layout_gridville, kennysheep_small_square
D:9:      layout_long_grid, lair_entry_dummy, ebering_ghost_reflecting_pool
D:10:     layout_irregular_city, lemuel_mausoleum_altar_kikubaaqudgha,
          minmay_misc_feat_more_columns, worms_lemuel, uniq_erica, uniq_psyche
D:11:     layout_small_grid, hiddenorc2_lemuel, serial_shops, shop_statue,
          onia_ninara_dug_in_and_dangerous
D:12:     layout_long_grid
D:13:     layout_rooms, nemelex_lonely_heart_becter, uniq_josephine
D:14:     minmay_clustersquares, layout_loops_ring, david_vaults_2,
          minivault_24, grunt_ministairs_12
D:15:     grunt_enter_depths_magical_seal, layout_basic, serial_glass,
          glass_columns_a, glass_columns_c, nicolae_gozag_seed_capital
Lair:1:   layout_cave_shapes
Lair:2:   layout_long_grid, elwin_shoals_entry_rocks, gauntlet_entry_generic,
          wad_woods_01, infiniplex_staircase_pool, uniq_gastronok
Lair:3:   layout_misc_corridors, chequers_serial_rivers_large_b,
          serial_bayou_shore_b, serial_bayou_shore_a
Lair:4:   minmay_guarded_unrand_snakebite, layout_loops_ring,
          nicolae_spider_entry_tight_spaces, serial_bayou_shore_b,
          grunt_megastairs_2
Lair:5:   layout_big_grid, dpeg_slime_entry_enclosed_altar,
          ebering_ghost_inner_flame, grunt_megastairs_3, lemuel_fruit_fields,
          uniq_kirke
Lair:6:   due_jungle_book, layout_regular_city
Shoals:1: layout_shoals, ebering_ghost_disaster_area, uniq_mlioglotl,
          uniq_roxanne
Shoals:2: layout_shoals, serial_shops, nicolae_shop_behind_doors, yaktaur_hedge
Shoals:3: layout_shoals, serial_shops, shop, uniq_polyphemus, uniq_aizul
Shoals:4: shoals_end_grunt_ice, layout_shoals, shoals_ilsuiw_ice,
          ebering_ghost_reflecting_pool
Spider:1: layout_spider_delve, uniq_nikola
Spider:2: spider_temple_joshua
Spider:3: layout_spider_delve
Spider:4: grunt_spider_rune_circles
Slime:1:  layout_caves
Slime:2:  layout_caves, dissolution_awaits, uniq_dissolution
Slime:3:  layout_caves
Slime:4:  layout_caves
Slime:5
Orc:1:    layout_caves, basic_altar
Orc:2:    st_orc_town, layout_diamond_mine, nicolae_shop_firing_range
Elf:1:    elf_arrival_002, layout_onion_city, kennysheep_underground_church,
          uniq_jorgrun
Elf:2:    elven_hall_of_blades_hangedman_original
          [nicolae_blade_entry_hurt_lockers], layout_geoelf_grid, basic_altar,
          uniq_donald, uniq_louise
Elf:3:    grunt_elf_hall_asides, layout_rooms, ebering_ghost_disaster_area,
          serial_shops, nicolae_shop_stone, shop_statue, shop, shop_statue,
          shop, minmay_shop_star
Vaults:1: gammafunk_ghost_split, vaults_room_grunt_arrival_checkpoint,
          nicolae_vaults_statue_guard, ontoclasm_vaults_ring_square,
          nicolae_vaults_what_the_h, ontoclasm_vaults_tryst,
          ontoclasm_vaults_gateway, ontoclasm_vaults_decontamination,
          nicolae_vaults_asterisk, ontoclasm_vaults_ring_square,
          layout_vaults_omnicross
Vaults:2: biasface_ghost_orc_armoury, nicolae_vaults_triangles,
          minmay_crypt_entry_simple_plaza, vaults_mumra_hex,
          vaults_standard_mumra_x, nicolae_vaults_network_star, v_misc_17,
          nicolae_vaults_yaktaur_gun_rack, hangedman_vaults_corner,
          grunt_vaults_diagonal, vaults_room_hangedman_quadrants,
          layout_vaults_omnibox, serial_shops, shop, uniq_sojobo
Vaults:3: gammafunk_ghost_fury_of_okawaru, nicolae_vaults_little_squares_2,
          hangedman_vaults_stretched_pinwheel, nicolae_vaults_network_s,
          vaults_mumra_minichess, nicolae_vaults_big_ls,
          ontoclasm_vaults_misaligned, vaults_dpeg_hooks,
          nicolae_vaults_alarming, nicolae_vaults_specimen_jars,
          layout_vaults_chaotic_city, serial_shops, nicolae_lakefront_shop,
          uniq_margery
Vaults:4: vaults_room_semicircle, nicolae_vaults_c_with_doors, v_alt_pattern_4,
          vaults_room_pools, nicolae_vaults_ring_of_whatevers,
          vaults_standard_mumra_lines, vaults_room_hallway,
          layout_vaults_omnigrid
Depths:1: layout_roguey, enter_ziggurat_f, grunt_hell_entry_dis_old,
          muffindrake_ghost_dual_entry, serial_shops,
          nicolae_shop_temple_entry_statues_fountains,
          hangedman_abyss_entry_splay, rand_demon_pan_entry_4, drop_trap,
          hangedman_abyss_or_decor_lesser_grid, dk_noncrumbling_4,
          grunt_ministairs_7, led_sif_pool, serial_bayou_shore_b,
          serial_bayou_shore_b, serial_bayou_shore_b
Depths:2: hangedman_spin_cycle, pan_entry, hell_entry
Depths:3: hangedman_cross_veins, layout_honeycomb, hell_entry,
          nicolae_abyss_entry_one_way_or_another, serial_shops,
          nicolae_shop_overgrown_old_shop, serial_glass, glass_columns_a,
          glass_columns_a, uniq_xtahua, uniq_saint_roka
Depths:4: lemuel_castle_with_subvaults [lemuel_castle_interior_carwin_1],
          layout_cave_shapes, serial_bayou, serial_bayou_pond_d,
          serial_bayou_shore_b, serial_bayou_pond_d, serial_bayou_pond_a,
          serial_shops, nicolae_shop_hallway_stairs, pan_entry,
          abyss_entry_glasseish, lightli_too_deep
Zot:1:    layout_twisted_circle, nicolae_transmutations_shop, hangedman_zot_gyre
Zot:2:    layout_twisted_circle
Zot:3:    layout_misc_corridors
Zot:4:    layout_cathedral_of_symmetry
Zot:5:    layout_cathedral_of_symmetry

Skill      XL: |  1  2  3  4  5  6  7  8  9 10 11 12 13 14 15 16 17 18 19 20 21 22 23 |
---------------+----------------------------------------------------------------------+-----
Stealth        | 1 2 4 5 |  5.0
Fighting       | 1 4 6 8 9 10 12 13 14 15 16 18 | 18.4
Shields        | 1 2 4 5 8 9 10 12 15 | 15.0
Unarmed Combat | 4 6 8 9 10 11 13 15 16 17 21 | 21.6
Evocations     | 3 4 6 9 |  9.0
Dodging        | 4 7 |  7.0
Armour         | 3 |  3.2
Transmutations | 6 8 10 11 | 11.0
Earth Magic    | 4 8 12 13 | 13.0
Spellcasting   | 3 5 7 8 9 |  9.0
Conjurations   | 1 5 8 |  8.0
Translocations | 4 5 |  5.0

Action                   |  1- 3 |  4- 6 |  7- 9 | 10-12 | 13-15 | 16-18 | 19-21 | 22-24 || total
-------------------------+-------+-------+-------+-------+-------+-------+-------+-------++-------
Melee: Unarmed           |    71 |   243 |   317 |   615 |  1362 |  1446 |   857 |   610 ||  5521
       Kick              |     2 |       |       |       |   180 |       |       |       ||   182
       Headbutt          |     2 |       |       |       |       |       |    43 |   111 ||   156
       Bite              |       |       |       |       |    45 |       |    14 |    65 ||   124
       Pseudopods        |       |       |       |       |       |    80 |   102 |       ||   182
       Peck              |       |       |       |       |       |       |   109 |   114 ||   223
 Fire: Fustibalus        |       |       |       |    25 |    43 |       |       |       ||    68
Throw: Dart              |     3 |     7 |    32 |    75 |    19 |    34 |       |       ||   170
 Cast: Beastly Appendage |    14 |       |       |       |       |       |       |       ||    14
       Statue Form       |       |       |       |       |       |    55 |    86 |    79 ||   220
       Irradiate         |       |       |       |       |       |     5 |    20 |    13 ||    38
       Wereblood         |       |       |       |       |       |     6 |    16 |    14 ||    36
       Blink             |       |       |       |       |       |       |       |     1 ||     1
       Passwall          |       |       |       |       |       |       |       |     3 ||     3
Invok: Oozemancy         |       |       |       |       |     6 |     8 |     2 |     2 ||    18
       Slimify           |       |       |       |       |     2 |     4 |     1 |     5 ||    12
 Abil: End Transformatio |       |       |       |       |       |       |       |     4 ||     4
Evoke: Wand              |       |       |       |    11 |     2 |     7 |     2 |    12 ||    34
       Box of beasts     |       |       |       |     2 |       |     1 |       |     2 ||     5
       Phantom mirror    |       |       |       |     1 |     2 |       |       |       ||     3
       Phial of floods   |       |       |       |     1 |       |     2 |     1 |       ||     4
       Tin of tremorston |       |       |       |       |     3 |     4 |     2 |       ||     9
       Lightning rod     |       |       |       |       |       |     4 |       |       ||     4
       Condenser vane    |       |       |       |       |       |       |       |     1 ||     1
  Use: Potion            |       |     2 |       |     3 |     1 |     3 |     1 |     2 ||    12
       Scroll            |       |     2 |    11 |    10 |     9 |     6 |     6 |    11 ||    55
 Stab: Sleeping          |     3 |     5 |     6 |     7 |    19 |     7 |    15 |     1 ||    63
       Distracted        |       |       |       |     1 |     1 |     2 |     2 |     1 ||     7
       Petrified         |       |       |       |       |     3 |       |       |       ||     3
Armor: Robe              |    25 |   100 |    80 |   112 |   107 |       |       |       ||   424
       Skin              |       |       |       |     3 |       |   759 |   552 |   438 ||  1752
       Troll leather arm |       |       |       |       |   227 |   218 |     5 |    14 ||   464
Dodge: Dodged            |    27 |    91 |    88 |   265 |   633 |  1192 |   475 |   232 ||  3003
Block: Kite shield       |     1 |    96 |   114 |   281 |   618 |  1045 |   452 |    20 ||  2627
       Reflection        |       |       |       |       |       |    15 |    40 |     4 ||    59
       Tower shield      |       |       |       |       |       |       |       |   735 ||   735

Table legend: (Time is in decaauts)
 A = Elapsed time spent in this place.
 B = Non-inter-level travel time spent in this place.
 C = Inter-level travel time spent in this place.
 D = Time resting spent in this place.
 E = Time spent auto-exploring this place.
 F = Levels seen in this place.
 G = Mean time per level.
                   A        B        C        D        E       F      G
               +--------+--------+--------+--------+--------+-----+--------+
         Total |  54524 |  49570 |   4954 |   5164 |  27352 |  55 |  991.3 |
       Dungeon |  17304 |  14839 |   2465 |   1680 |   9972 |  15 | 1153.6 |
          Lair |   7698 |   6844 |    854 |    974 |   3740 |   6 | 1283.0 |
        Shoals |   4340 |   4225 |    115 |    330 |   2198 |   4 | 1085.0 |
   Spider Nest |   4706 |   4393 |    313 |    373 |   1999 |   4 | 1176.5 |
    Slime Pits |    318 |    208 |    110 |      0 |    105 |   5 |   63.6 |
  Orcish Mines |   1513 |   1394 |    119 |    199 |    740 |   2 |  756.5 |
   Elven Halls |   3575 |   3417 |    158 |     60 |   1587 |   3 | 1191.7 |
        Vaults |   6067 |   5686 |    381 |      9 |   4062 |   4 | 1516.8 |
        Depths |   5073 |   4692 |    381 |      5 |   2316 |   4 | 1268.2 |
           Zot |   2995 |   2941 |     54 |   1283 |    506 |   5 |  599.0 |
         Abyss |    181 |    181 |      0 |      0 |      0 |   1 |  181.0 |
         Sewer |    175 |    175 |      0 |     15 |      0 |   1 |  175.0 |
      Gauntlet |    573 |    573 |      0 |    234 |    123 |   1 |  573.0 |
               +--------+--------+--------+--------+--------+-----+--------+

Top non-repeatable levels by time:
   Zot:5: 2370 daAuts
  Lair:4: 2047 daAuts
Vaults:3: 1799 daAuts
Vaults:2: 1696 daAuts
    D:10: 1659 daAuts
   Elf:1: 1607 daAuts
     D:9: 1573 daAuts
Spider:1: 1557 daAuts
Depths:4: 1512 daAuts
Spider:2: 1471 daAuts
  Lair:5: 1445 daAuts
     D:7: 1434 daAuts
  Lair:3: 1430 daAuts
     D:6: 1428 daAuts
Depths:1: 1417 daAuts
